 Dungeon Crawl Stone Soup version 0.27.1-33-g824d729ab1 (webtiles) character file.

Game seed: 1152600680574016652

1184 vivovinco the Chiller (level 8, -8/56 HPs)
             Began as a Grey Draconian Ice Elementalist on Dec 27, 2021.
             Was an Initiate of Ru.
             Mangled by a sun demon (24 damage)
             ... summoned by a kobold demonologist
             ... on level 6 of the Dungeon.
             The game lasted 00:48:04 (4823 turns).

vivovinco the Chiller (DrIE)                        Turns: 4823, Time: 00:48:04

Health: -8/56      AC: 17    Str: 10      XL:     8   Next: 19%
Magic:  5/15       EV: 12    Int: 14 (17) God:    Ru [......]
Gold:   140        SH:  3    Dex:  9      Spells: 10/16 levels left

rFire    x . .     SeeInvis .   c - +0 hand axe
rCold    + . .     Faith    .   h - +0 buckler
rNeg     . . .     Spirit   .   (armour unavailable)
rPois    .         Reflect  .   (helmet restricted)
rElec    .         Harm     .   y - +0 cloak
rCorr    .         Rampage  .   w - +0 pair of gloves
Will     .....                  (no boots)
Stlth    ++........             p - amulet of regeneration
HPRegen  1.18/turn              e - ring of ice
MPRegen  0.14/turn              n - +4 ring of protection

@: no status effects
A: AC +11, amphibious, unfitting armour, cold-blooded, clumsy 1, dopey 1, frail
1
a: Renounce Religion, Sacrifice an Eye, Sacrifice Artifice, Sacrifice
Experience, Reject Sacrifices


You were on level 6 of the Dungeon.
You worshipped Ru.
Ru was noncommittal.
You visited 1 branch of the dungeon, and saw 6 of its levels.

You collected 159 gold pieces.
You spent 19 gold pieces at shops.

Inventory:

Hand Weapons
 c - a +0 hand axe (weapon)
 x - a +0 mace of holy wrath
Missiles
 b - 20 bolts
 d - 91 stones (quivered)
 k - 18 poisoned darts
Armour
 h - a +0 buckler (worn)
 w - a +0 pair of gloves (worn)
 y - a +0 cloak (worn)
Jewellery
 e - a ring of ice (left hand)
 j - a ring of ice
 l - a ring of positive energy
 n - a +4 ring of protection (right hand)
 p - an amulet of regeneration (around neck)
 u - an amulet of reflection
Wands
 r - a wand of mindburst (14)
 s - a wand of paralysis (4)
Scrolls
 g - 2 scrolls of teleportation
 q - 3 scrolls of identify
 z - 2 scrolls of amnesia
Potions
 a - a potion of might
 f - 3 potions of attraction {unknown}
 i - a potion of resistance {unknown}
 m - 5 potions of curing {unknown}
 o - 2 potions of invisibility {unknown}
 t - a potion of mutation {unknown}
 v - 2 potions of degeneration {unknown}
 A - a potion of lignification {unknown}


   Skills:
 + Level 3.0 Fighting
 + Level 4.7 Axes
 - Level 0.4 Throwing
 + Level 3.8 Dodging
 + Level 2.8 Stealth
 + Level 0.9 Shields
 + Level 4.6 Spellcasting
 + Level 5.7 Ice Magic


You had 10 spell levels left.
You knew the following spells:

 Your Spells              Type           Power      Damage    Failure   Level
a - Freeze                Ice            100%       1d11      2%          1
b - Ozocubu's Armour      Ice            29%        N/A       8%          3
c - Ensorcelled Hibernat  Hex/Ice        32%        N/A       12%         2

Your spell library contained the following spells:

 Spells                   Type           Power      Damage    Failure   Level
 Frozen Ramparts          Ice            58%        1d7       8%          3
 Animate Skeleton         Necr           6%         N/A       26%         1
 Pain                     Necr           12%        1d4       26%         1
 Slow                     Hex            3%         N/A       36%         2
 Confusing Touch          Hex            3%         N/A       61%         3
 Gell's Gravitas          Tloc           1%         N/A       61%         3
 Spider Form              Tmut/Pois      1%         N/A       61%         3
 Teleport Other           Tloc           3%         N/A       61%         3
 Vampiric Draining        Necr           1%         2d6       61%         3
 Hailstorm                Conj/Ice       16%        3d6       63%         4
 Dispersal                Tloc           1%         N/A       100%        6
 Shadow Creatures         Summ           N/A        N/A       100%        6


Dungeon Overview and Level Annotations

Branches:
Dungeon (6/15)
 Temple: D:4-7

Altars:
Ru

Shops:
D:1 [


Innate Abilities, Weirdness & Mutations

Your dull iron-grey scales are very hard. (AC +11)
You are amphibious.
You cannot fit into any form of body armour.
You are cold-blooded and may be slowed by cold attacks.
You are clumsy. (Dex -2)
You are dopey. (Int -2)
You are frail. (-10% HP)


Message History

The neqoxec is lightly wounded.
The neqoxec barely misses you.
You closely miss the neqoxec. You tail-slap the neqoxec.
The neqoxec is lightly wounded.
The neqoxec hits you but does no damage.
You hit the neqoxec.
The neqoxec is moderately wounded.
The ufetubus disappears in a puff of smoke!
The neqoxec gestures at you.
Strange energies course through your body.
You feel stupid.
You closely miss the neqoxec.
The neqoxec is moderately wounded.
The kobold demonologist looks encouraged for a moment.
You barely miss the sun demon. The neqoxec gestures at you.
Something tries to feed on your intellect!
The sun demon hits you.
You are engulfed in flames!!
The fire burns you terribly!
* * * LOW HITPOINT WARNING * * *
The heat melts your icy armour.
Casting: Freeze (safe; 2% risk of failure)
Confirm with . or Enter, or press ? or * to list all spells.
Aiming: Freeze (safe; 2% risk of failure)
Press: ? - help, Shift-Dir - straight line, f - sun demon
Aim: a sun demon (summoned)
You feel a surge of power!
You freeze the sun demon.
The sun demon is frozen!
The sun demon is lightly wounded.
The sun demon hits you but does no damage.
The kobold demonologist gestures wildly while chanting.
Aiming: Mindburst
Press: ? - help, Shift-Dir - straight line, f/p - sun demon
Aim: a sun demon (lightly wounded, summoned, chance to affect: 16%)
The sun demon resists with almost no effort.
The sun demon hits you.
* * * LOW HITPOINT WARNING * * *
You are engulfed in flames!!
Your icy armour melts away.
The fire burns you terribly!
You die...

#.# #.# ##.# ###<.###
# #.#....# >.#######
#.#.##.# ........#
#.#.##.##
.......3####.......#
.......K3@.........###
......35####.#.......#
........# #.......####
# ........#
##.....#####.###
..#######
#...#.......... .
#####.#.#.....###
###.......#.###.#
#...............#
###.###.).#.#####


You could see a sun demon (summoned), a kobold demonologist, a neqoxec
(summoned), a ynoxinul (summoned) and an iron imp (summoned).

Vanquished Creatures
  A hornet (D:5)
  An ice beast (D:5)
  An ogre (D:6)
  A phantom (D:4)
  A water moccasin zombie (D:4)
  2 scorpions
  A water moccasin skeleton (D:5)
  A centaur zombie (D:5)
  2 hounds
  Ijyb (D:3)
  2 iguanas
  An orc wizard (D:4)
  Terence (D:3)
  A hound zombie (D:5)
  2 hound skeletons (D:4)
  12 gnolls
  4 adders
  An adder skeleton (D:4)
  2 dart slugs (D:1)
  A worm (D:2)
  10 orcs
  8 bats
  9 endoplasms
  A giant cockroach (D:2)
  7 goblins
  6 hobgoblins
  9 kobolds
  4 quokkas
  5 ball pythons
  3 frilled lizards (D:1)
  4 rats
105 creatures vanquished.

Vanquished Creatures (others)
  5 fungi (D:3)
  9 plants
14 creatures vanquished.

Grand Total: 119 creatures vanquished

Notes
Turn   | Place    | Note
-------+----------+-------------------------------------------
     0 | D:1      | vivovinco the Draconian Ice Elementalist began the quest
                  | for the Orb.
     0 | D:1      | Reached XP level 1. HP: 14/14 MP: 3/3
   245 | D:1      | Reached XP level 2. HP: 20/20 MP: 5/5
   831 | D:1      | Found Xettisoo's Antique Armour Shoppe.
   838 | D:1      | Reached XP level 3. HP: 20/26 MP: 6/6
   844 | D:1      | Bought a robe for 19 gold pieces
  1500 | D:1      | Reached skill level 1 in Fighting
  1579 | D:1      | Reached XP level 4. HP: 23/35 MP: 3/7
  1690 | D:1      | Reached skill level 1 in Axes
  1801 | D:2      | Found a sacrificial altar of Ru.
  1926 | D:2      | Became a worshipper of Ru the Awakened
  2186 | D:2      | Learned a level 3 spell: Ozocubu's Armour
  2710 | D:3      | Noticed Ijyb
  2717 | D:3      | Paralysed by Ijyb for 6 turns
  2726 | D:3      | Paralysed by Ijyb for 5 turns
  2733 | D:3      | Killed Ijyb
  2734 | D:3      | Reached XP level 5. HP: 38/40 MP: 1/9
  2736 | D:3      | Reached skill level 5 in Ice Magic
  2876 | D:3      | Found a faded altar of an unknown god.
  3068 | D:3      | Noticed Terence
  3088 | D:3      | Killed Terence
  3313 | D:4      | Reached XP level 6. HP: 44/47 MP: 6/11
  3352 | D:5      | Entered Level 5 of the Dungeon
  3924 | D:4      | Your scales start taking on a dull iron-grey colour.
  3924 | D:4      | Reached XP level 7. HP: 55/55 MP: 7/12
  3927 | D:4      | Learned a level 2 spell: Ensorcelled Hibernation
  4099 | D:5      | Noticed a hornet
  4108 | D:5      | Killed a hornet
  4674 | D:6      | Reached XP level 8. HP: 61/62 MP: 14/14
  4780 | D:6      | Noticed a kobold demonologist
  4795 | D:6      | Gained mutation: You are clumsy. (Dex -2) [a neqoxec]
  4799 | D:6      | Gained mutation: You are frail. (-10% HP) [a neqoxec]
  4817 | D:6      | Noticed a sun demon
  4819 | D:6      | Gained mutation: You are dopey. (Int -2) [a neqoxec]
  4823 | D:6      | Mangled by a sun demon

Illustrated notes

Levels and vault maps discovered:
D:1:      tarquinn_simple_flora_water_c, layout_basic, serial_shops,
          nicolae_lakefront_shop, minmay_tripent
D:2:      layout_basic, basic_altar, chequers_serial_rivers_small_3,
          chequers_mini_garden
D:3:      layout_loops_ring, shapermc_ecumenical_altar_mp_urbaneastern,
          gup_sewer_entry_pipe, patterned_corridor, uniq_robin, uniq_terence,
          uniq_ijyb
D:4:      layout_rooms, kennysheep_decorative_pillar
D:5:      layout_rooms, minmay_diced_spiral
D:6:      layout_basic, nicolae_yredelemnul_corpse_copse

Skill      XL: |  1  2  3  4  5  6  7  8 |
---------------+-------------------------+-----
Stealth        | 2 |  2.8
Fighting       | 1 2 3 |  3.0
Axes           | 1 2 3 4 |  4.7
Dodging        | 2 3 |  3.8
Ice Magic      | 5 |  5.7
Spellcasting   | 3 4 |  4.6
Throwing       | |  0.4
Shields        | |  0.9

Action                   |  1- 3 |  4- 6 |  7- 9 || total
-------------------------+-------+-------+-------++-------
Melee: Hand axe          |    79 |   209 |   162 ||   450
       Tailslap          |     3 |    13 |    18 ||    34
Throw: Stone             |    10 |    17 |     2 ||    29
 Cast: Freeze            |    22 |    46 |    20 ||    88
       Ozocubu's Armour  |       |     3 |     2 ||     5
       Ensorcelled Hiber |       |       |     2 ||     2
Evoke: Wand              |       |       |     1 ||     1
  Use: Scroll            |       |       |     4 ||     4
 Stab: Sleeping          |     2 |     2 |     1 ||     5
Armor: Skin              |    38 |   121 |   100 ||   259
Dodge: Dodged            |    74 |   127 |   112 ||   313
Block: Buckler           |     7 |    29 |    28 ||    64
